 Dungeon Crawl Stone Soup version 0.31.0-12-g77e489cdc1 (webtiles) character file.

Game seed: 18351312829224084244

177 spaghetti the Chiller (level 5, -1/48 HPs)
             Began as a Naga Ice Elementalist on Mar 3, 2024.
             Slain by a gnoll
             ... wielding a +0 club
              (6 damage)
             ... on level 3 of the Dungeon.
             The game lasted 00:03:14 (2788 turns).

spaghetti the Chiller (Naga Ice Elementalist)       Turns: 2788, Time: 00:03:15

Health: -1/48      AC:  2    Str: 10    XL:     5   Next: 57%
Magic:  2/9        EV: 10    Int: 17    God:
Gold:   178        SH:  0    Dex: 12    Spells: 6/10 levels left

rFire   . . .        (no weapon)
rCold   . . .        (no shield)
rNeg    . . .        a - +0 robe
rPois   +            (no helmet)
rElec   .            (no cloak)
rCorr   .            (no gloves)
SInv    +            (no barding)
Will    .....        (no amulet)
Stlth   ++           (no ring)
HPRegen 0.28/turn    (no ring)
MPRegen 0.11/turn

%: no passive effects
@: very slow
A: AC +1, large, see invisible, deformed body, poison resistance, slowness 2,
spit poison 1, naga tail 1
a: Spit Poison


You were on level 3 of the Dungeon.
You visited 1 branch of the dungeon, and saw 3 of its levels.

You collected 178 gold pieces.

Inventory:

Missiles
 c - 10 poisoned darts
Armour
 a - a +0 robe (worn)
Scrolls
 d - 2 scrolls of poison {unknown}
 g - a scroll of identify
 h - a scroll of vulnerability {unknown}
 i - a scroll of silence
Potions
 b - 3 potions of magic
 e - 2 potions of heal wounds
 f - a potion of degeneration


   Skills:
 + Level 2.8 Fighting
 - Level 1.5 Dodging
 - Level 3.0 Stealth
 + Level 3.3 Spellcasting
 + Level 5.0 Ice Magic


You had 6 spell levels left.
You knew the following spells:

 Your Spells              Type           Power      Damage    Failure   Level
a - Freeze                Ice            76%        1d8       2%          1
b - Frozen Ramparts       Ice            38%        1d6       6%          3

Your spell library contained the following spells:

 Spells                   Type           Power      Damage    Failure   Level
 Ozocubu's Armour         Ice            19%        N/A       6%          3
 Summon Ice Beast         Ice/Summ       11%        N/A       19%         3


Dungeon Overview and Level Annotations

Branches:
Dungeon (3/15)

Altars:
Elyvilon


Innate Abilities, Weirdness & Mutations

Your serpentine skin is tough. (AC +1)
You have supernaturally acute eyesight. (SInv)
Armour fits poorly on your strangely shaped body.
Your system is resistant to poisons. (rPois)
You cover ground very slowly.
You can spit poison.
You have a snake-like lower body.


Message History

Your Ice Magic skill increases to level 5!
Casting: Freeze (safe; 2% risk of failure)
Confirm with . or Enter, or press ? or * to list all spells.
Aiming: Freeze (safe; 2% risk of failure)
Press: ? - help, Shift-Dir - straight line, f - gnoll
Aim: a gnoll, wielding a +0 club (heavily wounded)
You freeze the gnoll.
The gnoll is severely wounded.
A gnoll comes into view. It is wielding a +0 club.
The wall freezes the gnoll.
You kill the gnoll!
Casting: Freeze (safe; 2% risk of failure)
Confirm with . or Enter, or press ? or * to list all spells.
You can't see any susceptible monsters within range! (Use Z to cast anyway.)
Casting: Freeze (safe; 2% risk of failure)
Confirm with . or Enter, or press ? or * to list all spells.
You can't see any susceptible monsters within range! (Use Z to cast anyway.)
Casting: Freeze (safe; 2% risk of failure)
Confirm with . or Enter, or press ? or * to list all spells.
You can't see any susceptible monsters within range! (Use Z to cast anyway.)
Casting: Freeze (safe; 2% risk of failure)
Confirm with . or Enter, or press ? or * to list all spells.
You can't see any susceptible monsters within range! (Use Z to cast anyway.) Unknown command.
Unknown command.
The wall freezes the gnoll.
The frozen ramparts melt away.
The gnoll hits you with a +0 club.
* * * LOW HITPOINT WARNING * * *
The gnoll hits you with a +0 club.
* * * LOW HITPOINT WARNING * * *
Casting: Freeze (safe; 2% risk of failure)
Confirm with . or Enter, or press ? or * to list all spells.
Aiming: Freeze (safe; 2% risk of failure)
Press: ? - help, Shift-Dir - straight line, f - gnoll
Aim: a gnoll, wielding a +0 club (lightly wounded)
You freeze the gnoll.
The gnoll is moderately wounded.
The gnoll hits you with a +0 club.
You die...

#.#....###..######....
#.#....###...# #....
#.#....##..#.# #....
#.###..##.##... #..>.
#.##......# ##.###....
#.##......####....#...
##..###...#####.##..
#...# ###...# #.####
#.g@# ###.###.....
#..<..)## #.......##
#.#.##! #.......## #.
#. #.####...# # .. #.#
#.#.. ## ..# #.##.
#### #.##. #..## ##..#


You could see a gnoll.

Vanquished Creatures
  A jelly (D:3)
  An orc priest (D:2)
  3 gnolls (D:3)
  4 adders
  A ribbon worm (D:2)
  4 orcs
  2 ball pythons
  4 bats
  5 endoplasms
  2 goblins (D:3)
  4 hobgoblins (D:1)
  7 jackals (D:1)
  2 kobolds
  2 quokkas
  2 frilled lizards
  A rat (D:1)
45 creatures vanquished.

Notes
Turn   | Place    | Note
-------+----------+-------------------------------------------
     0 | D:1      | spaghetti the Naga Ice Elementalist began the quest for the
                  | Orb.
     0 | D:1      | Reached XP level 1. HP: 15/15 MP: 3/3
   239 | D:1      | Reached XP level 2. HP: 16/24 MP: 5/5
   529 | D:1      | Reached skill level 1 in Fighting
   998 | D:1      | Reached XP level 3. HP: 20/31 MP: 6/6
  1002 | D:1      | Learned a level 3 spell: Frozen Ramparts
  1590 | D:2      | Reached XP level 4. HP: 16/39 MP: 0/8
  2259 | D:3      | Found a white marble altar of Elyvilon.
  2269 | D:3      | Reached XP level 5. HP: 46/46 MP: 9/9
  2782 | D:3      | Reached skill level 5 in Ice Magic
  2788 | D:3      | Slain by a gnoll

Illustrated notes

Levels and vault maps discovered:
D:1:      ldierk_walled_garden, layout_loops_ring, dk_noncrumbling_2,
          serial_bayou_pond_d
D:2:      layout_loops_ring
D:3:      layout_rooms, mainiacjoe_overflow_small_starburst, kennysheep_potato

Skill      XL: |  1  2  3  4  5 |
---------------+----------------+-----
Fighting       | 1 2 |  2.8
Spellcasting   | 3 |  3.3
Ice Magic      | 5 |  5.0
Dodging        | |  1.5
Stealth        | |  3.0

Action                     |  1- 3 |  4- 6 || total
---------------------------+-------+-------++-------
  Melee: Unarmed           |    97 |    69 ||   166
         Punch             |     2 |       ||     2
   Cast: Freeze            |    24 |    19 ||    43
         Frozen Ramparts   |       |     1 ||     1
Ability: Spit Poison       |    15 |     1 ||    16
    Use: Scroll            |     4 |     2 ||     6
         Potion            |       |     4 ||     4
   Stab: Sleeping          |     4 |     1 ||     5
         Distracted        |       |     1 ||     1
 Armour: Robe              |   113 |    68 ||   181
  Dodge: Dodged            |    73 |    43 ||   116
